 Dungeon Crawl Stone Soup version 0.30-a0-881-g1ff12e1e11 (webtiles) character file.

Game seed: 3832238191529442491

8 domi the Conjurer (level 2, 19/19 HPs)
             Began as a Demonspawn Conjurer on Mar 14, 2023.
             Got out of the dungeon alive.
             The game lasted 00:00:20 (503 turns).

domi the Conjurer (Demonspawn Conjurer)              Turns: 503, Time: 00:00:21

Health: 19/19      AC:  2    Str:  7    XL:     2   Next: 0%
Magic:  5/5        EV: 12    Int: 19    God:
Gold:   0          SH:  0    Dex: 11    Spells: 4/5 levels left

rFire   . . .      SeeInvis .    (no weapon)
rCold   . . .      Faith    .    (no shield)
rNeg    . . .      Spirit   .    a - +0 robe
rPois   .          Reflect  .    (no helmet)
rElec   .          Rampage  .    (no cloak)
rCorr   .                        (no gloves)
Will    .....                    (no boots)
Stlth   ++                       (no amulet)
HPRegen 0.23/turn                (no ring)
MPRegen 0.09/turn                (no ring)

@: no status effects
A: demonic guardian 1
a: no special abilities


You escaped.
You visited 1 branch of the dungeon, and saw 1 of its levels.

Inventory:

Armour
 a - a +0 robe (worn)
Jewellery
 d - a +6 ring of intelligence
   (You found it on level 1 of the Dungeon)
Scrolls
 e - a scroll of amnesia {unknown}
Potions
 b - a potion of magic
 c - a potion of curing {unknown}
 f - 2 potions of invisibility {unknown}


   Skills:
 - Level 1.7 Dodging
 - Level 1.7 Stealth
 - Level 2.0 Spellcasting
 + Level 4.4 Conjurations


You had 4 spell levels left.
You knew the following spells:

 Your Spells              Type           Power      Damage    Failure   Level
z - Magic Dart            Conj           72%        1d6       2%          1

Your spell library contained the following spells:

 Spells                   Type           Power      Damage    Failure   Level
 Searing Ray              Conj           36%        2d5       4%          2
 Dazzling Flash           Conj/Hex       20%        N/A       21%         3
 Fulminant Prism          Conj/Hex       5%         3d7       56%         4
 Iskenderun's Mystic Bla  Conj/Tloc      10%        2d4       56%         4


Dungeon Overview and Level Annotations

Branches:
Dungeon (1/15)

Altars:


Innate Abilities, Weirdness & Mutations

A weak demonic guardian rushes to your aid.


Message History

c - a sapphire potion A hobgoblin comes into view.
The hobgoblin shouts!
A hobgoblin is nearby!
A hobgoblin is nearby!
Aim: a hobgoblin (100% to hit)
You miscast Magic Dart.
You are very lightly contaminated with residual magic.
Nothing appears to happen.
Aim: a hobgoblin (100% to hit)
The magic dart hits the hobgoblin.
You kill the hobgoblin!
You can't see any susceptible monsters within range! (Use Z to cast anyway.)
You can't see any susceptible monsters within range! (Use Z to cast anyway.)
Your magical contamination has completely faded away.
You open the door.
There is an open door here.
d - a +6 ring of intelligence
There is an open door here.
A goblin comes into view. It is wielding a +0 dagger.
A goblin is nearby!
A goblin is nearby!
Aim: a goblin, wielding a +0 dagger (asleep, 100% to hit)
The magic dart hits the goblin.
You kill the goblin!
You can't see any susceptible monsters within range! (Use Z to cast anyway.)
You can't see any susceptible monsters within range! (Use Z to cast anyway.)
A kobold comes into view. It is wielding a +0 short sword.
The kobold shouts!
A kobold is nearby!
A kobold is nearby!
A kobold is nearby!
Aim: a kobold, wielding a +0 short sword (100% to hit)
The magic dart hits the kobold.
Aim: a kobold, wielding a +0 short sword (severely wounded, 100% to hit)
The magic dart hits the kobold but does no damage.
The kobold barely misses you.
Aim: a kobold, wielding a +0 short sword (severely wounded, 100% to hit)
The magic dart hits the kobold.
You kill the kobold!
You don't have enough magic to cast this spell.
e - a scroll labelled BIAX CYMASH You open the door.
A goblin comes into view. It is wielding a +0 dagger.
A goblin is nearby!
A goblin is nearby!
Aim: a goblin, wielding a +0 dagger (asleep, 100% to hit)
The magic dart hits the goblin.
You kill the goblin!
You can't see any susceptible monsters within range! (Use Z to cast anyway.)
You can't see any susceptible monsters within range! (Use Z to cast anyway.)
There is an open door here.
Things that are here:
a +0 dagger; a goblin corpse You open the door.
There is an open door here.
A ball python comes into view.
A ball python is nearby!
A ball python is nearby!
Aim: a ball python (asleep, 100% to hit)
The magic dart hits the ball python.
You kill the ball python!
A kobold comes into view. It is wielding a +0 dagger.
A kobold is nearby!
A kobold is nearby!
Aim: a kobold, wielding a +0 dagger (asleep, 100% to hit)
The magic dart hits the kobold.
You kill the kobold!
A frilled lizard comes into view.
A frilled lizard is nearby!
A frilled lizard is nearby!
Aim: a frilled lizard (asleep, 100% to hit)
The magic dart hits the frilled lizard.
You kill the frilled lizard!
f - 2 sedimented red potions You see here a frilled lizard corpse.
You see here 7 stones.
An endoplasm comes into view.
An endoplasm is nearby!
Aim: an endoplasm (asleep, 100% to hit)
The magic dart hits the endoplasm.
Aim: an endoplasm (severely wounded, 100% to hit)
The magic dart hits the endoplasm.
Aim: an endoplasm (almost dead, 100% to hit)
The magic dart hits the endoplasm.
You kill the endoplasm!
You have reached level 2!
Your demonic ancestry asserts itself...
You feel the presence of a demonic guardian.
You open the door.
There is an open door here.
There is an open door here.
There is an open door here.
You open the door.
There is an open door here.
There is a dry fountain here.
There is a dry fountain here.
There is a staircase leading out of the dungeon here.
Are you sure you want to leave the Dungeon?
This will make you lose the game!
You have escaped!

#.# #####.#####.......# #. #.#
#........#######.## #. #.#
#.###.##.# ##'## #. #.# #.#
#.##.# ##...## #. ##.# #.# #.##.#
##.....## #. .#.# #.# #....#
##.......## ##
..)######.###.######.........####
.............##(>.##.........'...
....#####...##..@..##........####
.#..# #####.......##......## #
##..# ##..⌠...⌠..##....## ##..#
##...........##..## ##..#
#.⌠....⌠....⌠.#### ##..#
...............## ..).#
.⌠...⌠...⌠...⌠..## ##.##
.................##
...⌠.......⌠......# ###


There were no monsters in sight!

Vanquished Creatures
  An endoplasm (D:1)
  A hobgoblin (D:1)
  2 kobolds (D:1)
  A ball python (D:1)
  A frilled lizard (D:1)
  2 goblins (D:1)
8 creatures vanquished.

Notes
Turn   | Place    | Note
-------+----------+-------------------------------------------
     0 | D:1      | domi the Demonspawn Conjurer began the quest for the Orb.
     0 | D:1      | Reached XP level 1. HP: 13/13 MP: 3/3
   403 | D:1      | Gained mutation: A weak demonic guardian rushes to your
                  | aid. [demonic ancestry]
   403 | D:1      | Reached XP level 2. HP: 19/19 MP: 0/5
   503 | D:$      | Got out of the dungeon alive.

Illustrated notes

Levels and vault maps discovered:
D:1:      dpeg_arrival_lava_temple_mockup, layout_loops_corners

Action                     || total
---------------------------++-------
   Cast: Magic Dart        ||    12
  Dodge: Dodged            ||     1

Table legend: (Time is in decaauts)
 A = Elapsed time spent in this place.
 B = Non-inter-level travel time spent in this place.
 C = Inter-level travel time spent in this place.
 D = Time resting spent in this place.
 E = Time spent auto-exploring this place.
 F = Levels seen in this place.
 G = Mean time per level.
                   A        B        C        D        E       F      G
               +--------+--------+--------+--------+--------+-----+--------+
         Total |    503 |    404 |     99 |      0 |    377 |   1 |  503.0 |
       Dungeon |    503 |    404 |     99 |      0 |    377 |   1 |  503.0 |
               +--------+--------+--------+--------+--------+-----+--------+

Top non-repeatable levels by time:
     D:1: 503 daAuts

Table legend:
 A = Kills in this place as a percentage of kills in the entire game.
 B = Kills by you in this place as a percentage of kills by you in the entire game.
 C = Kills by friends in this place as a percentage of kills by friends in the entire game.
 D = Other kills in this place as a percentage of other kills in the entire game.
 E = Experience gained in this place as a percentage of experience gained in the entire game.
 F = Experience gained in this place divided by the number of levels of this place that you have seen.
                   A       B       C       D       E      F
               +-------+-------+-------+-------+-------+----------------------
         Total | 100.0 | 100.0 |   N/A |   N/A | 100.0 |  12.0
       Dungeon | 100.0 | 100.0 |   N/A |   N/A | 100.0 |  12.0
               +-------+-------+-------+-------+-------+----------------------
